 Dungeon Crawl Stone Soup version 0.23.2-1-ga50397a (webtiles) character file.

Game seed: 1592795966988684921

2500 MalarOregon the Frost Mage (level 9, -8/73 HPs)
             Began as a Merfolk Ice Elementalist on May 23, 2019.
             Was a Believer of Sif Muna.
             Mangled by a wyvern skeleton (16 damage)
             ... on level 7 of the Dungeon.
             The game lasted 00:21:41 (10077 turns).

MalarOregon the Frost Mage (MfIE)                  Turns: 10077, Time: 00:21:43

Health: -8/73      AC:  7    Str:  8    XL:     9   Next: 53%
Magic:  20/28      EV: 13    Int: 18    God:    Sif Muna [**....]
Gold:   423        SH:  0    Dex: 14    Spells: 7/21 levels left

rFire    . . .     SeeInvis .   k - +1 dagger (venom)
rCold    . . .     Gourm    .   (no shield)
rNeg     . . .     Faith    .   a - +0 robe
rPois    .         Spirit   .   (no helmet)
rElec    .         Reflect  .   m - +1 cloak
rCorr    .         Harm     .   h - +1 pair of gloves
MR       .....                  b - +0 pair of boots
Stlth    +.........             (no amulet)
HPRegen  0.22/turn              f - ring of magical power
MPRegen  0.21/turn              (no ring)

@: confused, very slightly contaminated
A: change form in water, swift swim, stealthy swim
a: Divine Energy, Renounce Religion


You were on level 7 of the Dungeon.
You worshipped Sif Muna.
Sif Muna was pleased with you.
You were hungry.

You visited 2 branches of the dungeon, and saw 8 of its levels.

You collected 423 gold pieces.

Inventory:

Hand Weapons
 k - a +1 dagger of venom (weapon)
   (You took it off an orc on level 4 of the Dungeon)
Missiles
 w - 2 throwing nets (quivered) {!f}
Armour
 a - a +0 robe (worn)
 b - a +0 pair of boots (worn)
   (You found it on level 3 of the Dungeon)
 h - a +1 pair of gloves (worn)
   (You found it on level 2 of the Dungeon)
 j - the cursed +0 leather armour "Ojaircho" {*Corrode rElec Int+4, unknown}
   (You found it on level 5 of the Dungeon)

   It affects your intelligence (+4).
   It insulates you from electricity.
   It may corrode you when you take damage.
   It has a curse placed upon it.
 m - a +1 cloak (worn)
   (You found it on level 2 of the Dungeon)
 z - a +2 leather armour of fire resistance
   (You took it off Eustachio on level 3 of the Dungeon)
Jewellery
 f - a ring of magical power (left hand)
   (You found it on level 1 of the Dungeon)
 D - an uncursed ring of protection from cold {unknown}
   (You found it on level 7 of the Dungeon)
Wands
 t - a wand of flame (19)
   (You took it off Ijyb on level 4 of the Dungeon)
Scrolls
 n - 3 scrolls of remove curse {@r2}
 s - 2 scrolls of fear
 u - a scroll of enchant armour
 v - 2 scrolls of random uselessness {unknown}
 y - a scroll of magic mapping
 A - a scroll of enchant weapon
 C - a scroll of identify {@r1}
Potions
 c - 2 potions of heal wounds {@q2}
 d - 4 potions of ambrosia
 g - 5 potions of curing {@q1}
 i - a potion of lignification {!q}
 l - 2 potions of mutation {!q}
 o - a potion of magic
 p - a potion of brilliance {unknown}
 q - a potion of berserk rage
 r - a potion of flight
 x - 2 potions of invisibility
 B - a potion of resistance
Comestibles
 e - 17 rations {!d}


   Skills:
 + Level 7.7 Fighting
 - Level 3.0 Dodging
 - Level 3.0 Stealth
 + Level 6.8 Spellcasting
 - Level 0.7 Conjurations
 + Level 8.6 Ice Magic


You had 7 spell levels left.
You knew the following spells:

 Your Spells              Type           Power        Failure   Level  Hunger
a - Freeze                Ice            ####         1%          1    None
b - Confuse               Hex            #.......     32%         3    ##.....
c - Throw Icicle          Conj/Ice       ###.....     16%         4    ####...
d - Summon Ice Beast      Ice/Summ       ###.....     19%         4    ####...
x - Throw Frost           Conj/Ice       ###...       2%          2    None

Your spell library contained the following spells:

 Spells                   Type           Power        Failure   Level  Hunger
 Ozocubu's Armour         Chrm/Ice       ###.....     5%          3    ##.....
 Confusing Touch          Hex            #.....       11%         1    None
 Gell's Gravitas          Tloc           #.........   32%         3    ##.....
 Metabolic Englaciation   Hex/Ice        ###.......   45%         5    #####..
 Petrify                  Tmut/Erth      #.......     73%         4    ####...
 Yara's Violent Unravell  Hex/Tmut       #.........   97%         5    #####..


Dungeon Overview and Level Annotations

Branches:
Dungeon (7/15)             Temple (1/1) D:7

Altars:
Ashenzari
Cheibriados
Dithmenos
Elyvilon
Fedhas
Hepliaklqana
Kikubaaqudgha
Makhleb
Nemelex Xobeh
Qazlal
Ru
Sif Muna
Trog
Uskayaw
Vehumet
Wu Jian
Xom
Yredelemnul
Zin
The Shining One


Message History

No target in view!
No target in view!
No target in view!
No target in view!
No target in view!
s - 3 scrolls of fear (gained 1)
You open the door.
There is an open door here.
Found 14 arrows.
Found a stone staircase leading down.
D - a granite ring A wyvern skeleton comes into view.
The wyvern skeleton bites you! x2
You hit the wyvern skeleton. The wyvern skeleton bites you.
You hit the wyvern skeleton. The wyvern skeleton bites you!
* * * LOW HITPOINT WARNING * * *
Aim: a wyvern skeleton (lightly damaged)
The shard of ice hits the wyvern skeleton!
The wyvern skeleton partially resists.
The wyvern skeleton bites you but does no damage.
Aim: a wyvern skeleton (heavily damaged)
You miscast Throw Icicle.
You are very lightly contaminated with residual magic.
Your hands feel numb with cold.
You are feeling hungry.
The wyvern skeleton bites you.
* * * LOW HITPOINT WARNING * * *
The wyvern skeleton barely misses you.
Aim: a wyvern skeleton (heavily damaged)
You miscast Throw Icicle.
You smell something strange.
The wyvern skeleton bites you!
* * * LOW HITPOINT WARNING * * *
Aim: a wyvern skeleton (heavily damaged)
The shard of ice misses the wyvern skeleton.
The wyvern skeleton bites you.
* * * LOW HITPOINT WARNING * * *
The wyvern skeleton bites you.
* * * LOW HITPOINT WARNING * * *
Here: a wyvern skeleton (heavily damaged)
The floor.
As you read the scroll of fear, it crumbles to dust.
You assume a fearsome visage.
The wyvern skeleton is unaffected.
The wyvern skeleton completely misses you.
You are confused.
You feel invigorated. The wyvern skeleton barely misses you.
You barely miss the wyvern skeleton. The wyvern skeleton bites you!
* * * LOW HITPOINT WARNING * * *
The wyvern skeleton bites you!
You die...

#.......# #.#........
#.......# #.#.#######
###'############.#.#######
#.##>...................
#.##.##....#####.#######
#.##.......+............
#.#........#####.#######
#.#.....#### #.....)..
#.#....@# #########
#.#....Z# #.. #.#.....#
#.# #.#.....# #.#
#.#.....# #.# #.#######
#.# #.# ###### #.. #.#
#####....#####.. #.#
#...'....+......


You could see a wyvern skeleton.

Vanquished Creatures
  Prince Ribbit (D:7)
  Eustachio (D:3)
  Edmund (D:5)
  Duvessa (D:6)
  An orc warrior (D:6)
  An ice beast (D:6)
  A phantom (D:6)
  2 sky beasts (D:6)
  2 ogres
  A centaur (D:7)
  A big kobold (D:7)
  Blork the orc (D:6)
  3 bullfrogs
  Dowan (D:6)
  3 scorpions
  2 crimson imps (D:7)
  A centaur zombie (D:6)
  A jelly (D:6)
  A gnoll shaman (D:7)
  A bullfrog skeleton (D:7)
  3 iguanas
  Ijyb (D:4)
  2 orc wizards (D:4)
  3 worker ants (D:4)
  A howler monkey skeleton (D:7)
  8 gnolls
  3 adders
  A shadow imp (D:7)
  2 oozes
  A worm (D:4)
  12 dart slugs
  6 leopard geckos
  10 orcs
  A ball python (D:3)
  7 giant cockroaches
  15 goblins
  8 hobgoblins
  14 jackals
  6 kobolds
  4 quokkas
  8 bats
  4 frilled lizards
  A leopard gecko skeleton (D:5)
  8 rats
156 creatures vanquished.

Notes
Turn   | Place    | Note
-------+----------+-------------------------------------------
     0 | D:1      | MalarOregon the Merfolk Ice Elementalist began the quest
                  | for the Orb.
     0 | D:1      | Reached XP level 1. HP: 13/13 MP: 3/3
   311 | D:1      | Reached XP level 2. HP: 19/19 MP: 0/5
   465 | D:1      | Reached skill level 1 in Fighting
   472 | D:1      | Reached XP level 3. HP: 18/26 MP: 0/6
  1045 | D:2      | Learned a level 2 spell: Throw Frost
  1456 | D:2      | Reached XP level 4. HP: 32/32 MP: 0/7
  1690 | D:2      | Reached skill level 4 in Ice Magic
  2139 | D:3      | Found a snail-covered altar of Cheibriados.
  2259 | D:3      | Found a bloodstained altar of Trog.
  2548 | D:3      | Learned a level 4 spell: Throw Icicle
  2719 | D:3      | Found an ancient bone altar of Kikubaaqudgha.
  3059 | D:3      | Found a hazy altar of Hepliaklqana.
  3103 | D:4      | Reached XP level 5. HP: 38/38 MP: 5/9
  3510 | D:4      | Found a deep blue altar of Sif Muna.
  3537 | D:4      | Became a worshipper of Sif Muna the Loreminder
  3562 | D:4      | Noticed Eustachio
  3675 | D:4      | Reached XP level 6. HP: 41/47 MP: 11/11
  3727 | D:4      | Reached skill level 5 in Ice Magic
  3986 | D:4      | Noticed Ijyb
  3991 | D:4      | Killed Ijyb
  4257 | D:3      | Killed Eustachio
  4257 | D:3      | Reached XP level 7. HP: 35/54 MP: 13/13
  4449 | D:5      | Entered Level 5 of the Dungeon
  4564 | D:5      | Learned a level 4 spell: Summon Ice Beast
  4568 | D:5      | Learned a level 3 spell: Confuse
  4569 | D:5      | Found a shimmering altar of Xom.
  4611 | D:5      | Found a shadowy altar of Dithmenos.
  4777 | D:5      | Noticed Edmund
  4789 | D:5      | Killed Edmund
  4818 | D:5      | Reached * piety under Sif Muna
  4818 | D:5      | Reached skill level 6 in Ice Magic
  4892 | D:5      | Got an encrusted leather armour
  5391 | D:6      | Found a hide-covered altar of Uskayaw.
  5450 | D:6      | Reached skill level 5 in Fighting
  5543 | D:6      | Reached XP level 8. HP: 45/62 MP: 12/15
  5636 | D:6      | Reached skill level 5 in Spellcasting
  6156 | D:6      | Found a shadowy altar of Dithmenos.
  6157 | D:6      | Found a basalt altar of Yredelemnul.
  6182 | D:6      | Found a glowing golden altar of the Shining One.
  6184 | D:6      | Noticed Blork the orc
  6203 | D:6      | Killed Blork the orc
  6203 | D:6      | Reached skill level 7 in Ice Magic
  6351 | D:6      | Noticed Duvessa
  6351 | D:6      | Noticed Dowan
  6362 | D:6      | Killed Duvessa
  6365 | D:6      | Killed Dowan
  6543 | D:6      | Found a stormy altar of Qazlal.
  7992 | D:3      | Found a snail-covered altar of Cheibriados.
  8214 | D:3      | Found a bloodstained altar of Trog.
  8267 | D:3      | Found an ancient bone altar of Kikubaaqudgha.
  8599 | D:3      | Found a hazy altar of Hepliaklqana.
  8683 | D:7      | Noticed Prince Ribbit
  8704 | D:7      | Killed Prince Ribbit
  8704 | D:7      | Reached XP level 9. HP: 65/71 MP: 18/18
  8787 | D:6      | Reached ** piety under Sif Muna
  8985 | D:6      | Reached skill level 8 in Ice Magic
  9109 | D:6      | Found a stormy altar of Qazlal.
  9295 | D:7      | Found a blossoming altar of Fedhas.
  9665 | D:7      | Found a staircase to the Ecumenical Temple.
  9796 | Temple   | Entered the Ecumenical Temple
 10077 | D:7      | Mangled by a wyvern skeleton

Skill      XL: |  1  2  3  4  5  6  7  8  9 |
---------------+----------------------------+-----
Dodging        | 3 |  3.0
Fighting       | 1 2 3 4 5 6 7 |  7.7
Stealth        | 3 |  3.0
Ice Magic      | 4 5 6 7 8 |  8.6
Spellcasting   | 3 4 6 |  6.8
Conjurations   | |  0.7

Action                   |  1- 3 |  4- 6 |  7- 9 || total
-------------------------+-------+-------+-------++-------
Melee: Unarmed           |    38 |    93 |       ||   131
       Tailslap          |       |     5 |       ||     5
       Dagger            |       |    19 |   251 ||   270
 Cast: Freeze            |    45 |    61 |    66 ||   172
       Throw Frost       |    18 |    72 |    24 ||   114
       Throw Icicle      |       |       |    11 ||    11
Invok: Divine Energy     |       |       |     1 ||     1
Evoke: Wand              |       |       |     6 ||     6
  Use: Scroll            |     4 |     6 |    10 ||    20
       Potion            |       |       |     1 ||     1
 Stab: Sleeping          |     2 |     5 |     3 ||    10
  Eat: Chunk             |     3 |    14 |    14 ||    31
       Ration            |       |       |     2 ||     2
Armor: Robe              |    10 |    85 |    82 ||   177
Dodge: Dodged            |    52 |   154 |   164 ||   370
